Match 47300982
Unlisted

Match 47300982
End
Pioneer Squad
Pioneer Squad
Selects Terror Battlegroup
Selects Machine Gun Camouflage
Construct Infanterie Kompanie
MG 42 Machine Gun Team
MG 42 Machine Gun Team
Grenadier Squad
Construct Panzergrenadier Kompanie
Panzergrenadier Squad
Pak 40 Anti-tank Gun Team
Support Elements
Medical Station
StuG III G Assault Gun
Side Skirts
Selects Defend the Fatherland
Selects Interrogate
Panzergrenadier Squad
Pioneer Squad
Defend the Fatherland
StuG III G Assault Gun
♠♣ Kvothe ♠♣
Chairman
0
0

Comments sign in to comment!

No comments posted yet!